 Dungeon Crawl Stone Soup version 0.22.1-2-g9c5b331 (webtiles) character file.

25418 tognito the Executioner (level 12, -18/90 HPs)
             Began as a Minotaur Berserker on Dec 23, 2018.
             Was a High Priest of Trog.
             Killed from afar by a war gargoyle (25 damage)
             ... with a spray of metal splinters
             ... on level 13 of the Dungeon.
             The game lasted 00:34:32 (12611 turns).

tognito the Executioner (Minotaur Berserker)       Turns: 12611, Time: 00:34:33

Health: -18/90     AC: 20    Str: 26    XL:     12   Next: 89%
Magic:  3/3        EV: 14    Int:  4    God:    Trog [*****.]
Gold:   801        SH:  0    Dex: 14    Spells: 11/11 levels left

rFire    . . .     SeeInvis .   a - +2 battleaxe (antimagic)
rCold    . . .     Gourm    .   (shield currently unavailable)
rNeg     . . .     Faith    .   y - +1 plate armour
rPois    +         Spirit   .   (helmet restricted)
rElec    .         Reflect  .   o - +0 cloak
rCorr    .         Harm     .   (no gloves)
MR       .....                  p - +0 pair of boots
Stlth    ..........             (no amulet)
HPRegen  0.25/turn              l - +3 ring of evasion
MPRegen  0.08/turn              I - +3 ring of dexterity

@: berserk cooldown, slowed, very slow
A: retaliatory headbutt, horns 2, yellow scales 1, poison resistance
a: Berserk, Trog's Hand, Brothers in Arms, Renounce Religion


You were on level 13 of the Dungeon.
You worshipped Trog.
Trog was extremely pleased with you.
You were near starving.

You visited 1 branch of the dungeon, and saw 13 of its levels.

You collected 801 gold pieces.

Inventory:

Hand Weapons
 a - a +2 antimagic battleaxe (weapon)
 b - a +0 shortbow of velocity
Missiles
 k - 245 arrows
 v - 114 bolts
Armour
 o - a +0 cloak (worn)
 p - a +0 pair of boots (worn)
 y - a +1 plate armour (worn)
Jewellery
 l - a +3 ring of evasion (left hand)
 I - a +3 ring of dexterity (right hand)
Wands
 u - a wand of disintegration (7)
 x - a wand of flame (27)
 B - a wand of digging (12)
 F - a wand of scattershot (5)
Scrolls
 d - a scroll of enchant armour
 f - 7 scrolls of remove curse
 h - 4 scrolls of teleportation
 j - 13 scrolls of identify {unknown}
 m - 7 scrolls of enchant weapon
 n - a scroll of random uselessness {unknown}
 q - 2 scrolls of fog
 s - a scroll of fear {unknown}
 t - a scroll of torment {unknown}
 A - a scroll of magic mapping {unknown}
 E - a scroll of holy word {unknown}
Potions
 i - a potion of brilliance
 r - 3 potions of haste
 w - a potion of cancellation
 z - 3 potions of heal wounds
 D - a potion of might
 G - a potion of lignification {unknown}
 H - a potion of agility
 K - a potion of curing
Miscellaneous
 C - a phantom mirror
Comestibles
 c - 20 rations


   Skills:
 - Level 3.6 Fighting
 + Level 21.0 Axes
 - Level 0.3 Bows
 + Level 10.6 Armour
 + Level 7.3 Dodging


You had 11 spell levels left.
You didn't know any spells.
Your spell library was empty.

Dungeon Overview and Level Annotations

Branches:
Dungeon (13/15)            Temple (0/1) D:5            Lair (0/6) D:10
    Orc (0/2) D:10
 Vaults: D:13-14

Altars:
Ashenzari
Cheibriados
Dithmenos
Fedhas
Kikubaaqudgha
Makhleb
Nemelex Xobeh
Ru
Sif Muna
Vehumet
Wu Jian
Xom
Yredelemnul
Zin
The Shining One


Innate Abilities, Weirdness & Mutations

You reflexively headbutt those who attack you in melee.
You have a pair of horns on your head.
You are partially covered in yellow scales. (AC +2)
Your system is resistant to poisons. (rPois)


Message History

You hit the gargoyle.
You headbutt the gargoyle, but do no damage.
The gargoyle is almost destroyed.
You slash the gargoyle!
You destroy the gargoyle!
Trog accepts your kill.
Okay, then.
k - 245 arrows (gained 1)
You see here a mace.
You feel a strong urge to attack something.
A war gargoyle comes into view. It is wielding a morningstar.
You are no longer berserk.
You are exhausted.
You feel yourself slow down.
Things that are here:
a dire flail; a mace x2
You see here a morningstar.
The war gargoyle launches metal splinters at you.
The spray of metal splinters hits you!
You die...

#...........#
##...........##
#...8..>..8...#
#...........#
#.....))....#
##....).).(##
#.#.#9#)#.# #
#.### # #@# #.#
#.# #.######## ###
#........# .. .
##.#####.####.##.#
#.# #.......#.#
#.#. #.###......
#.#..##.###.....#


You could see a war gargoyle.

Vanquished Creatures
  A centaur warrior (D:13)
  4 two-headed ogres
  3 skeletal warriors
  An unseen horror (D:10)
  3 ugly things
  4 cyclopes
  A manticore (D:13)
  A centaur zombie (D:10)
  Joseph (D:7)
  8 gargoyles
  2 komodo dragons
  A troll (D:8)
  Grinder (D:4)
  A hornet (shapeshifter) (D:13)
  3 hippogriffs
  A meliai zombie (D:12)
  A wraith (D:11)
  7 yaks
  A shadow (D:12)
  Eustachio (D:5)
  A human (D:7)
  2 hungry ghosts
  2 wyverns
  3 hogs (D:7)
  3 vampire mosquitoes (D:12)
  2 acid dragons
  7 orc warriors
  Duvessa (D:5)
  A sky beast (D:13)
  5 ogres
  A black bear (D:11)
  A phantom (D:10)
  8 centaurs
  A big kobold (D:11)
  2 bullfrogs
  A wyvern zombie (D:7)
  Dowan (D:5)
  5 scorpions
  18 killer bees
  8 wights
  4 howler monkeys
  5 crimson imps
  2 jellies
  4 hounds
  5 bullfrog skeletons
  7 orc priests
  A gnoll shaman (D:5)
  3 iguanas
  2 centaur skeletons
  20 orc wizards
  Terence (D:3)
  12 worker ants
  A hound zombie (D:9)
  3 worker ant zombies
  A howler monkey zombie (D:10)
  11 adders
  13 gnolls
  3 shadow imps
  An ooze (D:4)
  2 adder skeletons (D:4)
  2 worms
  3 dart slugs
  6 leopard geckos
  64 orcs
  2 ball pythons
  A giant cockroach (D:2)
  3 goblins (D:1)
  8 hobgoblins
  13 jackals
  11 quokkas
  9 bats
  5 frilled lizards
  A jackal skeleton (D:5)
  13 kobolds
  A leopard gecko zombie (D:7)
  6 rats
368 creatures vanquished.

Vanquished Creatures (others)
  A gargoyle (D:13)
  A jackal (D:7)
2 creatures vanquished.

Grand Total: 370 creatures vanquished

Notes
Turn   | Place    | Note
-------+----------+-------------------------------------------
     0 | D:1      | tognito the Minotaur Berserker began the quest for the Orb.
     0 | D:1      | Reached XP level 1. HP: 19/19 MP: 0/0
   224 | D:1      | Reached skill level 4 in Axes
   242 | D:1      | Reached XP level 2. HP: 3/26 MP: 1/1
   645 | D:1      | Reached skill level 5 in Axes
   793 | D:1      | Gained mutation: You are partially covered in yellow
                  | scales. (AC +2) [potion of mutation]
   793 | D:1      | Gained mutation: Your system is resistant to poisons.
                  | (rPois) [potion of mutation]
   857 | D:1      | Reached XP level 3. HP: 27/31 MP: 2/2
  1241 | D:2      | Reached ** piety under Trog
  1494 | D:2      | Reached XP level 4. HP: 37/39 MP: 3/3
  1534 | D:2      | Reached skill level 6 in Axes
  1581 | D:2      | Found a burning altar of Makhleb.
  1585 | D:2      | Found a radiant altar of Vehumet.
  1663 | D:3      | Found a snail-covered altar of Cheibriados.
  1846 | D:3      | Reached skill level 7 in Axes
  1846 | D:3      | Reached XP level 5. HP: 43/45 MP: 4/4
  1967 | D:3      | Reached *** piety under Trog
  2023 | D:3      | Noticed Terence
  2034 | D:3      | Killed Terence
  2124 | D:3      | Reached skill level 8 in Axes
  2359 | D:3      | Reached XP level 6. HP: 37/51 MP: 5/5
  2789 | D:4      | Reached skill level 9 in Axes
  2836 | D:4      | Found a glowing golden altar of the Shining One.
  2908 | D:4      | Noticed Grinder
  2916 | D:4      | Killed Grinder
  2916 | D:4      | Reached skill level 10 in Axes
  2916 | D:4      | Reached XP level 7. HP: 39/57 MP: 6/6
  3066 | D:5      | Entered Level 5 of the Dungeon
  3220 | D:5      | Noticed Duvessa
  3220 | D:5      | Noticed Dowan
  3226 | D:5      | Killed Dowan
  3226 | D:5      | Reached skill level 11 in Axes
  3234 | D:5      | Killed Duvessa
  3338 | D:5      | Found a deep blue altar of Sif Muna.
  3341 | D:5      | Noticed a komodo dragon
  3350 | D:5      | Killed a komodo dragon
  3350 | D:5      | Reached skill level 12 in Axes
  3350 | D:5      | Reached XP level 8. HP: 36/64 MP: 7/7
  3564 | D:5      | Reached **** piety under Trog
  3633 | D:5      | Found a staircase to the Ecumenical Temple.
  3899 | D:5      | Noticed Eustachio
  3914 | D:5      | Killed Eustachio
  3914 | D:5      | Reached skill level 13 in Axes
  4394 | D:6      | Reached XP level 9. HP: 68/70 MP: 8/8
  4458 | D:6      | Found a basalt altar of Yredelemnul.
  4654 | D:6      | Reached skill level 14 in Axes
  4663 | D:6      | Found a sacrificial altar of Ru.
  4816 | D:7      | Noticed Joseph
  4840 | D:7      | Killed Joseph
  5172 | D:7      | Reached skill level 15 in Axes
  5229 | D:7      | Reached skill level 16 in Axes
  5229 | D:7      | Reached XP level 10. HP: 77/77 MP: 9/9
  5282 | D:7      | Reached ***** piety under Trog
  5393 | D:7      | Found a sparkling altar of Nemelex Xobeh.
  5916 | D:8      | Reached skill level 17 in Axes
  6228 | D:8      | Found a blossoming altar of Fedhas.
  6333 | D:9      | Found a glowing silver altar of Zin.
  6339 | D:9      | Noticed an angel
  6343 | D:9      | Found a shimmering altar of Xom.
  6886 | D:9      | Reached XP level 11. HP: 67/82 MP: 10/10
  7011 | D:9      | Found an ornate altar of the Wu Jian Council.
  7014 | D:9      | Found a sparkling altar of Nemelex Xobeh.
  7015 | D:9      | Found a shadowy altar of Dithmenos.
  7029 | D:9      | Found an ancient bone altar of Kikubaaqudgha.
  7089 | D:9      | Found a shattered altar of Ashenzari.
  7393 | D:10     | Entered Level 10 of the Dungeon
  7396 | D:10     | Received a gift from Trog
  7411 | D:10     | Noticed a two-headed ogre
  7424 | D:10     | Killed a two-headed ogre
  7794 | D:10     | Found a staircase to the Orcish Mines.
  7822 | D:10     | Found a staircase to the Lair.
  8515 | D:10     | Reached skill level 18 in Axes
  8581 | D:10     | Killed an unseen horror
  9424 | D:11     | Noticed a two-headed ogre
  9438 | D:11     | Killed a two-headed ogre
  9449 | D:11     | Reached skill level 19 in Axes
  9959 | D:11     | Noticed a white ugly thing
  9970 | D:11     | Killed a white ugly thing
 10193 | D:11     | Noticed a skeletal warrior
 10196 | D:11     | Noticed a skeletal warrior
 10214 | D:11     | Killed a skeletal warrior
 10215 | D:11     | Killed a skeletal warrior
 10647 | D:12     | Noticed a two-headed ogre
 10653 | D:12     | Killed a two-headed ogre
 10653 | D:12     | Reached XP level 12. HP: 75/90 MP: 11/11
 10822 | D:12     | Noticed a two-headed ogre
 10834 | D:12     | Killed a two-headed ogre
 10874 | D:12     | Reached skill level 20 in Axes
 11386 | D:12     | Received a gift from Trog
 12210 | D:13     | Noticed a centaur warrior
 12219 | D:13     | Killed a centaur warrior
 12270 | D:13     | Reached skill level 10 in Armour
 12593 | D:13     | Reached skill level 21 in Axes
 12601 | D:13     | HP: 6/135 [gargoyle/stone arrow (13)]
 12607 | D:13     | Noticed a war gargoyle
 12611 | D:13     | Killed from afar by a war gargoyle

Skill      XL: |  1  2  3  4  5  6  7  8  9 10 11 12 |
---------------+-------------------------------------+-----
Axes           | 4 5 7 8 10 12 13 16 17 19 21 | 21.0
Armour         | 7 8 10 | 10.6
Dodging        | 7 |  7.3
Fighting       | |  3.6
Bows           | |  0.3

Action                   |  1- 3 |  4- 6 |  7- 9 | 10-12 || total
-------------------------+-------+-------+-------+-------++-------
Melee: Hand axe          |    81 |    88 |       |       ||   169
       Headbutt          |    10 |    33 |    42 |   109 ||   194
       War axe           |       |    74 |   145 |       ||   219
       Battleaxe         |       |       |    25 |   507 ||   532
       Shortbow          |       |       |       |     4 ||     4
 Fire: Shortbow          |       |       |    47 |   196 ||   243
Invok: Berserk           |       |     1 |     1 |     3 ||     5
  Use: Potion            |     5 |     2 |     2 |     1 ||    10
       Scroll            |       |       |       |     7 ||     7
  Eat: Chunk             |     2 |     5 |     9 |    20 ||    36
       Ration            |       |       |       |     2 ||     2
Armor: Animal skin       |     9 |       |       |       ||     9
       Chain mail        |    14 |    89 |    74 |       ||   177
       Plate armour      |       |       |    23 |   367 ||   390
Dodge: Dodged            |    45 |    91 |   112 |   370 ||   618
